 Dungeon Crawl Stone Soup version 0.27.0-1-g7a089689b8 (webtiles) character file.

Game seed: 10347143556686527461

4501 pkoi the Grappler (level 10, -14/97 HPs)
             Began as a Troll Monk on Aug 6, 2021.
             Demolished by a tengu warrior (21 damage)
             ... on level 7 of the Dungeon.
             The game lasted 00:09:47 (6858 turns).

pkoi the Grappler (Troll Monk)                      Turns: 6858, Time: 00:09:48

Health: -14/97     AC:  6    Str: 24    XL:     10   Next: 16%
Magic:  0/9        EV: 11    Int:  8    God:
Gold:   319        SH:  5    Dex: 12    Spells: 9/9 levels left

rFire    + . .     SeeInvis .     - Unarmed
rCold    . . .     Faith    .   (no shield)
rNeg     . . .     Spirit   .   a - +0 robe
rPois    .         Reflect  +   (helmet restricted)
rElec    .         Harm     .   w - +1 cloak
rCorr    +         Rampage  .   (gloves unavailable)
Will     .....     Rnd*Rage +   (boots unavailable)
Stlth    ++........             x - amulet of reflection
HPRegen  1.26/turn              l - ring of resist corrosion
MPRegen  0.11/turn              r - ring of protection from fire

@: about to teleport, weak-willed
A: large, unfitting armour, claws 3, regeneration 1, shaggy fur 1, tough skin 1,
berserk 1, clever 1, MP-powered wands
a: no special abilities


You were on level 7 of the Dungeon.
You visited 2 branches of the dungeon, and saw 9 of its levels.
You also visited: Sewer.

You collected 319 gold pieces.

Inventory:

Missiles
 c - 27 poisoned darts
 k - 3 javelins (quivered)
Armour
 a - a +0 robe (worn)
 w - a +1 cloak (worn)
Jewellery
 l - a ring of resist corrosion (left claw)
 m - an amulet of faith
 r - a ring of protection from fire (right claw)
 x - an amulet of reflection (around neck)
 y - a +6 ring of intelligence
 C - a +4 ring of evasion
Wands
 n - a wand of paralysis (3)
 A - a wand of flame (11)
 B - a wand of charming (7)
Scrolls
 d - a scroll of enchant armour
 e - 6 scrolls of identify
 g - 3 scrolls of amnesia
 u - a scroll of fog
Potions
 f - 2 potions of might {unknown}
 h - 6 potions of magic
 i - 2 potions of heal wounds {unknown}
 j - 3 potions of haste {unknown}
 o - 4 potions of cancellation
 p - 2 potions of invisibility {unknown}
 s - a potion of brilliance {unknown}
 v - a potion of curing
 z - a potion of attraction {unknown}


   Skills:
 + Level 5.6 Fighting
 + Level 5.8 Throwing
 + Level 5.6 Dodging
 - Level 1.0 Stealth
 * Level 10.6 Unarmed Combat


You had 9 spell levels left.
You didn't know any spells.
Your spell library contained the following spells:

 Spells                   Type           Power      Damage    Failure   Level
 Animate Skeleton         Necr           0%         N/A       41%         1
 Apportation              Tloc           0%         N/A       41%         1
 Corona                   Hex            0%         N/A       41%         1
 Summon Small Mammal      Summ           0%         N/A       41%         1
 Ensorcelled Hibernation  Hex/Ice        0%         N/A       54%         2
 Tukima's Dance           Hex            0%         N/A       78%         3


Dungeon Overview and Level Annotations

Branches:
Dungeon (8/15)             Temple (1/1) D:7           Sewer (visited)
   Lair: D:8-11

Altars:
Dithmenos
Elyvilon
Fedhas
Gozag
Hepliaklqana
Kikubaaqudgha
Nemelex Xobeh
Qazlal
Ru
Sif Muna
Trog
Uskayaw
Vehumet
Wu Jian
Xom
Yredelemnul
Zin
The Shining One

Shops:
D:5 *   D:7 =


Innate Abilities, Weirdness & Mutations

You are too large for most types of armour.
You have claws for hands.
Your natural rate of healing is unusually fast.
You are covered in fur. (AC +1)
You have tough skin. (AC +1)
You tend to lose your temper in combat.
Your mind is acute. (Int +2)
You expend magic power (3 MP) to strengthen your wands.


Message History

Aiming: Paralyse
Press: ? - help, Shift-Dir - straight line, f - tengu warrior
Aim: a tengu warrior, wielding a +0 battleaxe and wearing a +0 ring mail (moderately wounded, chance to affect: 32%)
You feel a surge of power!
The tengu warrior easily resists.
The tengu warrior hits you with a +0 battleaxe!
The tengu warrior completely misses you.
The tengu warrior claws you.
Aiming: Paralyse
Press: ? - help, Shift-Dir - straight line, f/p - tengu warrior
Aim: a tengu warrior, wielding a +0 battleaxe and wearing a +0 ring mail (moderately wounded, chance to affect: 32%)
You feel a surge of power!
The tengu warrior easily resists.
The tengu warrior hits you with a +0 battleaxe!
The tengu warrior pecks you.
The tengu warrior claws you but does no damage.
Unknown command.
Aiming: Paralyse
Press: ? - help, Shift-Dir - straight line, f/p - tengu warrior
Aim: a tengu warrior, wielding a +0 battleaxe and wearing a +0 ring mail (moderately wounded, chance to affect: 32%)
The tengu warrior easily resists.
The tengu warrior hits you with a +0 battleaxe!
* * * LOW HITPOINT WARNING * * *
The tengu warrior pecks you.
* * * LOW HITPOINT WARNING * * *
The tengu warrior closely misses you.
Unknown command.
Aiming: Paralyse
Press: ? - help, Shift-Dir - straight line, f/p - tengu warrior
Aim: a tengu warrior, wielding a +0 battleaxe and wearing a +0 ring mail (moderately wounded, chance to affect: 28%)
The tengu warrior easily resists.
The tengu warrior hits you with a +0 battleaxe!
* * * LOW HITPOINT WARNING * * *
The tengu warrior pecks you but does no damage.
The tengu warrior claws you.
* * * LOW HITPOINT WARNING * * *
Okay, then.
Unknown command.
As you read the scroll of teleportation, it crumbles to dust.
You feel strangely unstable.
The tengu warrior hits you with a +0 battleaxe!!
You die...

....##.##.##.##
....'.....##..#
....##[#####..##
.####.......#..# .#
#.......#..## .#
#.......##>.# .#
#≈≈≈≈≈..##..## .#
##§###≈..###Q.#####
.#
#§§'_'...'...@....#
.#
#.≈###≈..#........#
.#
#.≈≈≈≈≈..#........#
.#
#.§......#........#
.#
##.......#........#
.#
#.......#........#
.#
#########......).#
.# #........# .#
##########


You could see a tengu warrior.

Vanquished Creatures
  Pikel (D:5)
  Sigmund (D:3)
  3 yaks (D:7)
  2 steam dragons
  Edmund (D:5)
  2 water moccasins
  2 ice beasts
  An orc warrior (D:7)
  A hornet zombie (D:7)
  2 black bears
  A necrophage (D:6)
  2 ogres
  2 centaurs
  A phantom (D:6)
  2 lemures (D:5)
  3 kobold brigands (Sewer)
  A bullfrog (D:7)
  A water moccasin zombie (D:5)
  5 scorpions
  A wyvern skeleton (D:6)
  2 water moccasin skeletons
  3 wights (D:6)
  A howler monkey (D:7)
  4 hounds
  A centaur zombie (D:7)
  2 jellies
  4 orc priests
  A bullfrog skeleton (D:7)
  A centaur skeleton (D:5)
  3 iguanas
  5 orc wizards
  Natasha (thrice) (D:3)
  A killer bee zombie (D:6)
  2 hound skeletons
  2 gnolls
  3 adders
  7 river rats (Sewer)
  A shadow imp (D:7)
  A white imp (D:7)
  An ufetubus (D:6)
  2 adder skeletons (D:4)
  2 worms
  5 dart slugs
  12 orcs
  8 ball pythons
  6 bats
  6 endoplasms
  5 giant cockroaches
  6 goblins
  3 hobgoblins (D:1)
  4 quokkas
  3 frilled lizards
  20 kobolds
  A quokka skeleton (D:4)
  23 rats
189 creatures vanquished.

Notes
Turn   | Place    | Note
-------+----------+-------------------------------------------
     0 | D:1      | pkoi the Troll Monk began the quest for the Orb.
     0 | D:1      | Reached XP level 1. HP: 22/22 MP: 0/0
   356 | D:1      | Reached XP level 2. HP: 29/29 MP: 1/1
   435 | D:1      | Reached skill level 4 in Unarmed Combat
   558 | D:1      | Found a faded altar of an unknown god.
   699 | D:1      | Reached XP level 3. HP: 36/36 MP: 2/2
  1929 | D:3      | Reached skill level 5 in Unarmed Combat
  1929 | D:3      | Reached XP level 4. HP: 44/44 MP: 3/3
  1944 | D:3      | Noticed Sigmund
  2088 | D:4      | Reached skill level 1 in Throwing
  2088 | D:4      | Reached XP level 5. HP: 42/50 MP: 4/4
  2150 | D:4      | Reached skill level 6 in Unarmed Combat
  2421 | D:4      | Reached XP level 6. HP: 58/59 MP: 5/5
  2847 | D:5      | Entered Level 5 of the Dungeon
  2910 | D:5      | Reached XP level 7. HP: 60/66 MP: 6/6
  2917 | D:5      | Noticed Pikel
  3027 | D:5      | Noticed Edmund
  3134 | D:5      | Found Ikifucev's Assorted Antiques.
  3158 | D:5      | Killed Pikel
  3159 | D:5      | Reached skill level 7 in Unarmed Combat
  3172 | D:5      | Reached XP level 8. HP: 58/75 MP: 7/7
  3375 | D:5      | Found a glowing drain.
  3401 | Sewer    | Entered a sewer
  3484 | Sewer    | Reached skill level 8 in Unarmed Combat
  3679 | Sewer    | HP: 2/78 [kobold (4)]
  3681 | Sewer    | Gained mutation: You expend magic power (3 MP) to
                  | strengthen your wands. [potion of mutation]
  3681 | Sewer    | Gained mutation: You tend to lose your temper in combat.
                  | [potion of mutation]
  3681 | Sewer    | Gained mutation: Your mind is acute. (Int +2) [potion of
                  | mutation]
  4276 | D:5      | Killed Edmund
  4405 | D:5      | Reached skill level 9 in Unarmed Combat
  4581 | D:3      | Reached XP level 9. HP: 85/85 MP: 8/8
  4603 | D:3      | Noticed Natasha
  4610 | D:3      | Killed Natasha
  4850 | D:3      | Noticed Natasha
  4866 | D:3      | Killed Natasha
  4910 | D:3      | Killed Sigmund
  5014 | D:3      | Noticed Natasha
  5018 | D:3      | Killed Natasha
  5368 | D:6      | Reached skill level 5 in Throwing
  5484 | D:6      | Found a shimmering blue altar of Sif Muna.
  5533 | D:6      | Found a radiant altar of Vehumet.
  5603 | D:6      | Reached skill level 5 in Fighting
  5624 | D:6      | Reached skill level 5 in Dodging
  5695 | D:6      | Found a glowing golden altar of the Shining One.
  5879 | D:7      | Reached skill level 10 in Unarmed Combat
  5880 | D:7      | Found Ykhocliw's Jewellery Boutique.
  6024 | D:7      | Found an opulent altar of Gozag.
  6169 | D:7      | Found a staircase to the Ecumenical Temple.
  6247 | Temple   | Entered the Ecumenical Temple
  6395 | D:7      | Reached XP level 10. HP: 45/96 MP: 9/9
  6837 | D:8      | Noticed a tengu warrior
  6858 | D:7      | Demolished by a tengu warrior

Illustrated notes

Levels and vault maps discovered:
D:1:      nagdon_arrival_double_spiral, layout_loops_corners,
          shapermc_ecumenical_altar_flowoftime
D:2:      layout_loops_corners
D:3:      layout_loops_ring, uniq_sigmund, uniq_natasha
D:4:      layout_gridville, cheibrodos_gnoll_hut
D:5:      layout_basic, serial_shops, shop, portal_sewer_entry_f,
          patterned_corridor, uniq_pikel, uniq_edmund
D:6:      layout_basic, mainiacjoe_overflow_catch_the_wave,
          nicolae_tso_swordbearing_angel, amcnicky_mini_pool_small
D:7:      layout_basic, kennysheep_mini_moat, minmay_temple_entry_junction,
          serial_shops, kennysheep_mini
D:8:      layout_cave_pools, cheibrodos_ashenzari_chains, minitemple,
          lair_entry_dummy, nicolae_ossuary_entry_plus
Temple:   zaba_magenta_temple

Skill      XL: |  1  2  3  4  5  6  7  8  9 |
---------------+----------------------------+-----
Unarmed Combat | 4 5 6 7 9 10 | 10.6
Throwing       | 1 2 3 4 5 |  5.8
Fighting       | 3 4 5 |  5.6
Dodging        | 3 4 5 |  5.6
Stealth        | |  1.0

Action                   |  1- 3 |  4- 6 |  7- 9 | 10-12 || total
-------------------------+-------+-------+-------+-------++-------
Melee: Unarmed           |    80 |   117 |   318 |    39 ||   554
       Punch             |     2 |     3 |    13 |     3 ||    21
Throw: Javelin           |       |       |     4 |       ||     4
Evoke: Wand              |       |       |     2 |     4 ||     6
  Use: Scroll            |       |       |     8 |     4 ||    12
       Potion            |       |       |     4 |       ||     4
 Stab: Sleeping          |     9 |     2 |       |       ||    11
       Paralysed         |       |       |     7 |       ||     7
Armor: Robe              |    28 |    42 |    76 |    10 ||   156
Dodge: Dodged            |    35 |    29 |   178 |    17 ||   259
Block: Other             |       |       |    13 |     4 ||    17
